 Dungeon Crawl Stone Soup version 0.17-a0-1954-g0dddeaa (webtiles) character file.

91 Rationalist the Skirmisher (level 4, -4/35 HPs)
             Began as a Demonspawn Berserker on Oct 4, 2015.
             Was a Priest of Trog.
             Slain by an orc
             ... wielding a +0 mace
              (6 damage)
             ... on level 3 of the Dungeon.
             The game lasted 00:04:06 (3733 turns).

Rationalist the Skirmisher (Demonspawn Berserker)   Turns: 3733, Time: 00:04:06

Health: -4/35      AC:  2    Str: 17    XL:     4   Next: 33%
Magic:  0/4        EV: 13    Int:  9    God:    Trog [***...]
Gold:   99         SH:  0    Dex: 13    Spells: 0 memorised, 3 levels left

rFire  + . .     SeeInvis .     a - +0 hand axe
rCold  . . .     Clarity  .     b - +0 animal skin
rNeg   . . .     SustAt   .     (no shield)
rPois  .         Gourm    .     (no helmet)
rElec  .         Spirit   +     (no cloak)
rCorr  .         Warding  .     (no gloves)
rMut   .         Stasis   .     (no boots)
MR     .....                    (no amulet)
Stlth  +.........               (no ring)
                                n - ring of protection from fire

@: confused, drained, not resistant to hostile enchantments, very unstealthy
A: magic shield, magic regeneration
a: Burn Spellbooks, Berserk, Trog's Hand, Renounce Religion


You were on level 3 of the Dungeon.
You worshipped Trog.
Trog was most pleased with you.
You were hungry.

You visited 1 branch of the dungeon, and saw 3 of its levels.

You collected 99 gold pieces.

Inventory:

Hand weapons
 a - a +0 hand axe (weapon)
 i - a +0 blowgun
Missiles
 f - 4 curare-tipped needles
 j - 19 sling bullets
 k - 4 poisoned needles
 p - 7 javelins of penetration (quivered)
Armour
 b - a +0 animal skin (worn)
Jewellery
 n - a ring of protection from fire (left hand)
Scrolls
 d - a scroll of amnesia {unknown}
 l - 2 scrolls of fog
 m - a scroll of remove curse {unknown}
Potions
 e - a potion of might
 g - a potion of resistance
Comestibles
 c - 4 bread rations
 h - a meat ration
 o - a slice of pizza


   Skills:
 + Level 3.4(3.2) Fighting
 + Level 3.1(2.9) Axes
 + Level 2.0(1.8) Armour
 + Level 3.0(2.8) Dodging
 + Level 1.1(0.9) Stealth


You had 3 spell levels left.
You didn't know any spells.

Dungeon Overview and Level Annotations

Branches:
Dungeon (3/15)

Altars:


Innate Abilities, Weirdness & Mutations

When hurt, damage is shared between your health and your magic reserves.
You regenerate magic rapidly.


Message History

* * * LOW HITPOINT WARNING * * *
The orc barely misses you.
Unknown command.
You're too confused to move!
The orc misses you.
You hear some strange, mumbled words.
You are more confused.
You're too confused!
The orc closely misses you. Something hits you.
* * * LOW HITPOINT WARNING * * *
You hit the orc.
The orc is severely wounded.
You miss the orc. You closely miss something. The orc misses you.
The orc hits you with a club.
You hear some strange, mumbled words.
Something tries to affect you, but you resist.
You miss the orc.
The orc is severely wounded.
You closely miss something. You completely miss the orc.
The orc hits you with a mace!
You die...

#.# #(.... ##### #[#
##.#.# #...####.# ###'#..
.####........# #......
.......).((((##.. #..!...
.###'##†.)........#......
.........(........#......
.......{o.......###......
.......o@.......# #......
#.............$.# ###....
...#+##.(..(....+ .......
... #######...# ####### .
.... ###


You could see 2 orcs.

Vanquished Creatures
  An adder (D:2)
  4 worms
  7 orcs (D:3)
  A ball python (D:1)
  11 hobgoblins
  A quokka (D:2)
  4 bats
  4 giant cockroaches
  3 giant geckos
  3 giant newts (D:2)
  5 goblins
  7 kobolds
  6 rats
57 creatures vanquished.

Notes
Turn   | Place    | Note
--------------------------------------------------------------
     0 | D:1      | Rationalist the Demonspawn Berserker began the quest for the Orb.
     0 | D:1      | Reached XP level 1. HP: 18/18 MP: 1/1
   432 | D:1      | Gained mutation: When hurt, damage is shared between your health and your magic reserves. [demonic ancestry]
   432 | D:1      | Reached XP level 2. HP: 12/24 MP: 2/2
   860 | D:1      | Acquired Trog's second power
  1280 | D:2      | Reached XP level 3. HP: 10/29 MP: 0/3
  2595 | D:2      | Reached skill level 1 in Stealth
  3319 | D:3      | Gained mutation: You regenerate magic rapidly. [demonic ancestry]
  3319 | D:3      | Reached XP level 4. HP: 26/35 MP: 4/4
  3731 | D:3      | HP: 1/35 [something (5)]
  3733 | D:3      | Slain by an orc

Vault maps used:
D:1:      lemuel_arrival_behind_the_door_small
D:2:      nicolae_overflow_hidden_temple, first_bread, hangedman_decor_push,
          roderic_serpentine_path
D:3:      lemuel_round_altar, tso_oasis_becter

Action                   |  1- 3 |  4- 6 || total
-------------------------+-------+-------++-------
Melee: Hand axe          |   166 |    46 ||   212
  Use: Scroll            |     2 |     3 ||     5
       Potion            |     1 |     1 ||     2
 Stab: Sleeping          |     1 |       ||     1
       Distracted        |     1 |       ||     1
  Eat: Chunk             |     7 |     1 ||     8
